 Dungeon Crawl Stone Soup version 0.21-a0-1-gaf3b9a5 (webtiles) character file.

100 Gorglomux the Skirmisher (level 4, -3/48 HPs)
             Began as an Ogre Skald on May 20, 2017.
             Slain by a gnoll
             ... wielding a +0 spear
              (7 damage)
             ... on level 3 of the Dungeon.
             The game lasted 00:03:34 (2355 turns).

Gorglomux the Skirmisher (Ogre Skald)               Turns: 2355, Time: 00:03:35

Health: -3/48      AC:  3    Str: 15    XL:     4   Next: 74%
Magic:  11/16      EV:  5    Int: 17    God:
Gold:   142        SH:  0    Dex:  9    Spells: 3/7 levels left

rFire    . . .     SeeInvis .   a - +0 mace
rCold    . . .     Gourm    .   (no shield)
rNeg     . . .     Faith    .   b - +0 robe
rPois    .         Spirit   .   (helmet restricted)
rElec    .         Reflect  .   (no cloak)
rCorr    .         Harm     .   (gloves unavailable)
MR       .....                  (boots unavailable)
Stlth    +.........             (no amulet)
Regen    0.2/turn               m - ring of magical power {MP+9}
MPRegen  0.2/turn               j - +3 ring of intelligence

@: very slightly contaminated, held
A: unfitting armour, tough skin 1
a: no special abilities


You were on level 3 of the Dungeon.
You were not hungry.

You visited 1 branch of the dungeon, and saw 3 of its levels.

You collected 142 gold pieces.

Inventory:

Hand Weapons
 a - a +0 mace (weapon)
Armour
 b - a +0 robe (worn)
Jewellery
 j - a +3 ring of intelligence (right hand)
   (You found it on level 1 of the Dungeon)
 m - a ring of magical power (left hand) {MP+9}
   (You found it on level 2 of the Dungeon)
Scrolls
 f - 2 scrolls of identify {unknown}
 i - 3 scrolls of enchant weapon {unknown}
 k - a scroll of random uselessness {unknown}
 o - a scroll of remove curse {unknown}
 q - a scroll of teleportation {unknown}
Potions
 e - a potion of curing {unknown}
 g - 3 potions of heal wounds {unknown}
 h - a potion of magic {unknown}
 p - a potion of ambrosia {unknown}
Books
 c - a book of Battle
Comestibles
 d - 3 bread rations {@e1}
 l - 2 royal jellies


   Skills:
 + Level 4.0 Fighting
 * Level 3.7 Maces & Flails
 - Level 2.1 Dodging
 - Level 2.4 Spellcasting
 - Level 2.6 Charms


You had 3 spell levels left.
You knew the following spells:

 Your Spells              Type           Power        Failure   Level  Hunger
a - Infusion              Chrm           ##..         6%          1    #......
r - Regeneration          Chrm/Necr      #.........   32%         3    ###....


Dungeon Overview and Level Annotations

Branches:
Dungeon (3/15)

Altars:
Wu Jian


Innate Abilities, Weirdness & Mutations

You are too large for most types of armour.
You have tough skin. (AC +1)


Message History

You feel sick.
Unknown command.
You start resting.
Your skin stops crawling.
You feel sick.
Unknown command.
You start resting.
You feel sick. x4
You are no longer magically infusing your attacks.
You feel sick.
Your skin crawls.
You feel sick.
You start resting.
You feel sick. x3
Your skin is crawling a little less now.
You feel sick. x3
Your skin stops crawling.
You feel sick.
Unknown command.
Your skin crawls.
You start resting.
Your skin is crawling a little less now.
You feel sick. x2
Your skin stops crawling.
You feel sick.
Unknown command.
Your skin crawls.
You start resting.
Your skin is crawling a little less now.
You feel sick.
Your skin stops crawling.
Your skin crawls.
You are feeling hungry.
You feel sick.
You start resting.
Eating a chunk of flesh {@w0}.
You eat the chunk of flesh {@w0}.
Your skin is crawling a little less now.
You feel sick.
You are no longer poisoned.
You start resting.
Your skin stops crawling.
You start resting.
Things that are here:
an uncursed blowgun; 3 poisoned needles You see here a poisoned needle.
You see here a poisoned needle.
You see here a poisoned needle.
You see here a poisoned needle.
Found a stone staircase leading down.
Unknown command.
You now have 142 gold pieces (gained 10).
A gnoll comes into view. It is wielding a spear.
The gnoll shouts!
Found a bread ration.
Found an ornate altar of the Wu Jian Council.
Unknown command.
A gnoll is nearby!
A gnoll comes into view. It is wielding a spear.
The gnoll shouts!
There are monsters nearby!
You begin infusing your attacks with magical energy. 2 gnolls come into view.
Unknown command.
The gnoll shouts!
The gnoll hits you but does no damage.
Your magical infusion is running out.
Unknown command.
Okay, then.
You see here a poisoned needle.
You see here a poisoned needle.
You miscast Regeneration.
You are very lightly contaminated with residual magic.
The air around you crackles with energy!
Your skin crawls.
You hit the gnoll.
You are no longer magically infusing your attacks.
The gnoll barely misses you.
You hit the gnoll but do no damage.
Your skin is crawling a little less now.
The gnoll barely misses you. The gnoll hits you but does no damage.
You thump the gnoll! The gnoll barely misses you.
The gnoll hits you but does no damage.
You thump the gnoll!
You kill the gnoll!
The gnoll hits you but does no damage.
You hit the gnoll but do no damage.
The gnoll hits you from afar with a spear.
You hit the gnoll.
Your skin stops crawling.
The gnoll barely misses you.
The gnoll hits you from afar with a spear.
You closely miss the gnoll. The gnoll hits you with a spear!
The gnoll barely misses you. The gnoll closely misses you.
The gnoll hits you from afar with a spear!
You barely miss the gnoll. The gnoll hits you with a flail!
* * * LOW HITPOINT WARNING * * *
The gnoll closely misses you.
The gnoll hits you from afar with a spear!
* * * LOW HITPOINT WARNING * * *
The gnoll throws a throwing net.
The throwing net hits you.
You become entangled in the net!
The gnoll hits you from afar with a spear!
You die...

#.....###..........#
##.#...##..###.....#
#.#.#.##..###.....#
#.#...#....##.....#
# ##......('...#'##
#.#....(###.#.#
#.....ggg##.#.# .
#...##.#(##.#.#
#.##...#.#@##.#.#
.....#.#g#(#.<#.#
..#.....#.####.#
##.##.#.g#).....# #
#..g.########
###.##...#
.......g>#
###..##.########
................


You could see 2 gnolls.

Vanquished Creatures
  A gnoll (D:3)
  4 adders
  An ooze (D:3)
  2 leopard geckos (D:1)
  An orc (D:3)
  5 giant cockroaches
  2 hobgoblins
  2 quokkas (D:2)
  10 bats
  A frilled lizard (D:1)
  4 goblins
  8 kobolds
  7 rats
48 creatures vanquished.

Notes
Turn   | Place    | Note
-------+----------+-------------------------------------------
     0 | D:1      | Gorglomux the Ogre Skald began the quest for the Orb.
     0 | D:1      | Reached XP level 1. HP: 22/22 MP: 3/3
    94 | D:1      | Reached skill level 2 in Maces & Flails
   143 | D:1      | Reached skill level 3 in Fighting
   177 | D:1      | Reached XP level 2. HP: 30/31 MP: 0/5
   926 | D:2      | Reached XP level 3. HP: 24/37 MP: 1/6
  1157 | D:2      | Learned a level 3 spell: Regeneration
  1206 | D:2      | Reached skill level 3 in Maces & Flails
  1838 | D:2      | Reached XP level 4. HP: 48/48 MP: 7/7
  2049 | D:3      | Gorglomux: !won ogsk
  2049 | D:3      | beem: No games for ogsk.
  2049 | D:3      | Gorglomux: !won *ogsk
  2049 | D:3      | beem: No keyword '*ogsk'
  2049 | D:3      | Gorglomux: !won * ogsk
  2049 | D:3      | beem: * (ogsk) has won 58 times in 7331 games (0.79%): 58xOgSk
  2049 | D:3      | Gorglomux: !won * baee
  2049 | D:3      | beem: * (baee) has won twice in 129 games (1.55%): 2xBaEE
  2056 | D:3      | Gorglomux: !won * baee !experimental
  2056 | D:3      | beem: * (baee !experimental) has won once in 86 games (1.16%): 1xBaEE
  2161 | D:3      | Reached skill level 4 in Fighting
  2329 | D:3      | Found an ornate altar of the Wu Jian Council.
  2354 | D:3      | HP: 11/48 [gnoll/flail (12)]
  2354 | D:3      | HP: 3/48 [gnoll/spear (8)]
  2355 | D:3      | Slain by a gnoll

Vault maps used:
D:1:      evilmike_arrival_come_back
D:3:      lemuel_crystal_altar, first_bread

Skill      XL: |  1  2  3  4 |
---------------+-------------+-----
Maces & Flails | 2 3 |  3.7
Fighting       | 3 4 |  4.0
Dodging        | |  2.1
Spellcasting   | |  2.4
Charms         | |  2.6

Action                   |  1- 3 |  4- 6 || total
-------------------------+-------+-------++-------
Melee: Mace              |   110 |    43 ||   153
 Cast: Infusion          |    24 |     4 ||    28
       Regeneration      |     1 |     6 ||     7
  Eat: Chunk             |     3 |     3 ||     6
Armor: Robe              |    75 |    16 ||    91
Dodge: Dodged            |    90 |    33 ||   123

Vault maps used:
D:1:      evilmike_arrival_come_back
D:3:      lemuel_crystal_altar, first_bread

Table legend:
 A = Turns spent in this place as a percentage of turns spent in the entire game.
 B = Non-inter-level travel turns spent in this place as a percentage of non-inter-level travel turns spent in the entire game.
 C = Inter-level travel turns spent in this place as a percentage of turns spent in this place.
 D = Turns resting spent in this place as a percentage of non-inter-level travel turns spent in this place.
 E = Turns spent auto-exploring this place as a percentage of non-inter-level travel turns spent in this place.
 F = Non-inter-level travel turns spent in this place divided by the number of levels of this place that you've seen.
                   A       B       C       D       E      F
               +-------+-------+-------+-------+-------+----------------------
         Total | 100.0 | 100.0 |   0.3 |   4.8 |   9.2 | 254.3
       Dungeon | 100.0 | 100.0 |   0.3 |   4.8 |   9.2 | 254.3
               +-------+-------+-------+-------+-------+----------------------

Table legend:
 A = Kills in this place as a percentage of kills in entire the game.
 B = Kills by you in this place as a percentage of kills by you in the entire game.
 C = Kills by friends in this place as a percentage of kills by friends in the entire game.
 D = Other kills in this place as a percentage of other kills in the entire game.
 E = Experience gained in this place as a percentage of experience gained in the entire game.
 F = Experience gained in this place divided by the number of levels of this place that you have seen.
                   A       B       C       D       E      F
               +-------+-------+-------+-------+-------+----------------------
         Total | 100.0 | 100.0 |  -nan |  -nan | 100.0 |  48.0
       Dungeon | 100.0 | 100.0 |  -nan |  -nan | 100.0 |  48.0
               +-------+-------+-------+-------+-------+----------------------
